 Dungeon Crawl Stone Soup version 0.29.1-14-g9c671dbff4 (webtiles) character file.

Game seed: 198584918960870024

170 fleeber the Slasher (level 5, 0/45 HPs)
             Began as a Demigod Fighter on Feb 20, 2023.
             Slain by an orc priest
             ... wielding a +0 flail
              (6 damage)
             ... on level 3 of the Dungeon.
             The game lasted 00:05:14 (2336 turns).

fleeber the Slasher (Demigod Fighter)               Turns: 2336, Time: 00:05:15

Health: 0/45       AC:  7    Str: 17    XL:     5   Next: 5%
Magic:  7/7        EV: 10    Int: 10    God:
Gold:   134        SH:  5    Dex: 17    Spells: 4/4 levels left

rFire   . . .      SeeInvis .   a - +0 long sword
rCold   . . .      Faith    .   c - +0 buckler
rNeg    + . .      Spirit   .   b - +0 scale mail
rPois   .          Reflect  .   (no helmet)
rElec   .          Harm     .   (no cloak)
rCorr   .          Rampage  .   (no gloves)
Will    .....                   k - +0 pair of boots
Stlth   ..........              (no amulet)
HPRegen 0.15/turn               h - ring of positive energy
MPRegen 0.10/turn               (no ring)

@: no status effects
A: high MP 1, forlorn, divine attributes
a: no special abilities


You were on level 3 of the Dungeon.
You visited 1 branch of the dungeon, and saw 3 of its levels.

You collected 134 gold pieces.

Inventory:

Hand Weapons
 a - a +0 long sword (weapon)
Missiles
 n - a throwing net (quivered)
Armour
 b - a +0 scale mail (worn)
 c - a +0 buckler (worn)
 k - a +0 pair of boots (worn)
Jewellery
 h - a ring of positive energy (left hand)
Scrolls
 f - 3 scrolls of identify {unknown}
 j - a scroll of silence {unknown}
 l - a scroll of vulnerability {unknown}
 m - 3 scrolls of brand weapon {unknown}
 o - a scroll of fog {unknown}
 q - a scroll of magic mapping {unknown}
Potions
 d - a potion of might
 e - 3 potions of degeneration {unknown}
 g - a potion of berserk rage {unknown}
 i - a potion of cancellation {unknown}
 p - a potion of curing {unknown}


   Skills:
 + Level 3.5 Fighting
 * Level 3.7 Long Blades
 - Level 2.6 Armour
 + Level 2.0 Dodging
 - Level 2.7 Shields


You had 4 spell levels left.
You didn't know any spells.
Your spell library contained the following spells:

 Spells                   Type           Power      Damage    Failure   Level
 Gell's Gravitas          Tloc           0%         N/A       99%         3
 Lesser Beckoning         Tloc           0%         N/A       99%         3
 Teleport Other           Tloc           0%         N/A       99%         3


Dungeon Overview and Level Annotations

Branches:
Dungeon (3/15)

Shops:
D:1 =


Innate Abilities, Weirdness & Mutations

You have an increased reservoir of magic. (+10% MP)
You shall have no god before yourself.
Your divine heritage dramatically boosts your attributes as you level up.


Message History

The orc priest invokes the aid of Beogh against you.
Beogh smites you! The orc barely misses you.
The orc priest mumbles some strange prayers to Beogh against you.
Beogh smites you!
You hear a shout! x2
You barely miss the orc.
The orc is moderately wounded.
The orc hits you with a +0 dagger.
An orc priest comes into view. It is wielding a +0 dagger.
You barely miss the orc.
The orc is moderately wounded.
You block the orc's attack. The orc barely misses you.
You hit the orc but do no damage.
The orc is moderately wounded.
An adder comes into view.
The orc hits you with a +0 dagger.
The adder hisses angrily.
You hit the orc.
The orc is heavily wounded.
The orc hits you with a +0 dagger.
You slash the orc!
You kill the orc!
You barely miss the orc priest.
The orc priest calls down the wrath of Beogh upon you.
Beogh smites you!
* * * LOW HITPOINT WARNING * * *
You block the orc priest's attack.
You barely miss the orc priest. You block the orc priest's attack.
You hit the orc priest but do no damage.
The orc priest misses you. The orc priest closely misses you.
You hit the orc priest.
The orc priest is moderately wounded.
You block the orc priest's attack.
You barely miss the orc priest.
The orc priest is moderately wounded.
The orc priest barely misses you.
You hit the orc priest.
The orc priest is heavily wounded.
The orc priest hits you with a +0 flail.
You die...

#### #... #####... #.......
#......# #############
#..##..#
.......Soo@.########..###..
#####.#.###............##..
.....# #######.#........
..~...## #.#..##....
....... #.#.####... ..o....
#.#..##.... o......
#.......†). ..~..#
##.....##.. ####.###..


You could see 2 orc priests and an adder.

Vanquished Creatures
  2 vampire bats (D:3)
  2 adders
  2 worms (D:2)
  2 dart slugs
  2 orcs (D:3)
  A bat skeleton (D:3)
  5 bat zombies (D:3)
  8 endoplasms
  A giant cockroach (D:1)
  4 hobgoblins
  3 jackals (D:1)
  8 kobolds
  3 ball pythons
  6 bats
  2 frilled lizards (D:1)
  3 goblins (D:1)
  8 rats
62 creatures vanquished.

Notes
Turn   | Place    | Note
-------+----------+-------------------------------------------
     0 | D:1      | fleeber the Demigod Fighter began the quest for the Orb.
     0 | D:1      | Reached XP level 1. HP: 18/18 MP: 3/3
   166 | D:1      | Reached XP level 2. HP: 24/25 MP: 4/4
   185 | D:1      | Found Ban Xeahoin's Jewellery Shoppe.
   648 | D:1      | Reached skill level 1 in Dodging
   993 | D:1      | Reached XP level 3. HP: 23/31 MP: 5/5
  2022 | D:3      | Reached XP level 4. HP: 34/38 MP: 6/6
  2118 | D:3      | Reached XP level 5. HP: 35/45 MP: 7/7
  2336 | D:3      | Slain by an orc priest

Illustrated notes

Levels and vault maps discovered:
D:1:      dpeg_arrival_subterranean_lakeside_camping, layout_basic,
          serial_shops, nicolae_shop_advertising_works
          [nicolae_subvault_shop_adworks], minmay_misc_feat_cross,
          chequers_serial_rivers_micro_a
D:2:      wad_pebble_path, layout_rooms, shapermc_ecumenical_altar_pompeii
D:3:      cheibrodos_pilgrimage, layout_rooms, kennysheep_vampire_church,
          nicolae_dithmenos_shadow_blocks, lemuel_doored_altar,
          lexackson_kobold_supper

Skill      XL: |  1  2  3  4 |
---------------+-------------+-----
Long Blades    | 2 3 |  3.7
Fighting       | 3 |  3.5
Dodging        | 1 2 |  2.0
Armour         | |  2.6
Shields        | |  2.7

Action                   |  1- 3 |  4- 6 || total
-------------------------+-------+-------++-------
Melee: Long sword        |   164 |    49 ||   213
Armor: Scale mail        |    76 |    15 ||    91
Dodge: Dodged            |    79 |    35 ||   114
Block: Buckler           |    50 |    12 ||    62
